 Dungeon Crawl Stone Soup version 0.30-a0-219-gf2db51d15e (webtiles) character file.

Game seed: 4720088387534486014

16 Iusername the Shield-Bearer (level 2, -3/27 HPs)
             Began as a Minotaur Fighter on Oct 6, 2022.
             Slain by Terence
             ... wielding a +0 flail
              (4 damage)
             ... on level 2 of the Dungeon.
             The game lasted 00:00:47 (714 turns).

Iusername the Shield-Bearer (Minotaur Fighter)       Turns: 714, Time: 00:00:48

Health: -3/27      AC:  7    Str: 20    XL:     2   Next: 41%
Magic:  1/1        EV:  6    Int:  5    God:
Gold:   68         SH:  4    Dex:  9    Spells: 1/1 levels left

rFire   . . .      SeeInvis .    a - +0 long sword
rCold   . . .      Faith    .    c - +0 buckler
rNeg    . . .      Spirit   .    b - +0 scale mail
rPois   .          Reflect  .    (helmet restricted)
rElec   .          Harm     .    (no cloak)
rCorr   .          Rampage  .    (no gloves)
Will    .....                    (no boots)
Stlth   ..........               (no amulet)
HPRegen 0.24/turn                (no ring)
MPRegen 0.07/turn                (no ring)

@: mighty, constricted
A: horns 2, retaliatory headbutt
a: no special abilities


You were on level 2 of the Dungeon.
You visited 1 branch of the dungeon, and saw 2 of its levels.

You collected 68 gold pieces.

Inventory:

Hand Weapons
 a - a +0 long sword (weapon)
Armour
 b - a +0 scale mail (worn)
 c - a +0 buckler (worn)
Scrolls
 g - a scroll of butterflies {unknown}
 h - a scroll of silence {unknown}
Potions
 e - 2 potions of heal wounds {unknown}
 f - a potion of curing {unknown}
 i - a potion of berserk rage {unknown}


   Skills:
 + Level 3.9 Fighting
 + Level 2.5 Long Blades
 + Level 4.0 Armour
 + Level 4.0 Shields


You had one spell level left.
You didn't know any spells.
Your spell library was empty.

Dungeon Overview and Level Annotations

Branches:
Dungeon (2/15)

Altars:

Annotations:
D:2 Terence


Innate Abilities, Weirdness & Mutations

You have a pair of horns on your head.
You reflexively headbutt those who attack you in melee.


Message History

There are monsters nearby!
You closely miss Terence.
The ball python hisses angrily.
Terence hits you with a +0 flail!
There are monsters nearby!
You hit Terence.
Terence is lightly wounded.
Terence barely misses you.
There are monsters nearby!
There are monsters nearby!
You closely miss Terence. You headbutt Terence, but do no damage.
Terence is lightly wounded.
You block Terence's attack. x2
There are monsters nearby!
You barely miss Terence.
Terence is lightly wounded.
Terence hits you but does no damage.
There are monsters nearby!
You hit Terence.
Terence is lightly wounded.
The ball python bites you but does no damage.
The ball python grabs you. The ball python constricts you.
Terence hits you with a +0 flail. The ball python bites you.
The ball python constricts you.
There are monsters nearby!
You closely miss the ball python. Your headbutt misses the ball python.
The ball python bites you. The ball python constricts you.
Terence hits you but does no damage.
There are monsters nearby!
You are too injured to fight recklessly!
You feel very mighty all of a sudden. The ball python barely misses you.
The ball python constricts you. Terence hits you with a +0 flail!
* * * LOW HITPOINT WARNING * * *
The ball python barely misses you. The ball python constricts you.
* * * LOW HITPOINT WARNING * * *
You hit Terence.
Terence is moderately wounded.
Terence hits you with a +0 flail.
You die...

# #.## ...
#.#+### #..<..#
###.### #># #@#
.......@S.....>
..#.###.#.#..#.
.....$ # #.#
##. #.# .. #.#
. ...


You could see Terence (resistant) and a ball python.

Vanquished Creatures
  3 bats (D:1)
  An endoplasm (D:1)
  A giant cockroach (D:1)
  A goblin (D:1)
  3 hobgoblins (D:1)
  2 frilled lizards (D:1)
  A kobold (D:1)
  4 rats (D:1)
16 creatures vanquished.

Notes
Turn   | Place    | Note
-------+----------+-------------------------------------------
     0 | D:1      | Iusername the Minotaur Fighter began the quest for the Orb.
     0 | D:1      | Reached XP level 1. HP: 19/19 MP: 0/0
    31 | D:1      | Found a faded altar of an unknown god.
   176 | D:1      | Reached XP level 2. HP: 27/27 MP: 1/1
   703 | D:2      | Noticed Terence
   713 | D:2      | HP: 1/27 [constriction (1)]
   714 | D:2      | Slain by Terence

Illustrated notes

Levels and vault maps discovered:
D:1:      lightli_arrival_isolated_outpost, layout_basic,
          ebering_ecumenical_altar_box
D:2:      layout_basic, uniq_terence

Skill      XL: |  1  2 |
---------------+-------+-----
Shields        | 4 |  4.0
Armour         | 4 |  4.0
Fighting       | |  3.9
Long Blades    | |  2.5

Action                   || total
-------------------------++-------
Melee: Long sword        ||    45
       Headbutt          ||     6
  Use: Potion            ||     1
Armor: Scale mail        ||    27
Dodge: Dodged            ||    20
Block: Buckler           ||    13

Table legend: (Time is in decaauts)
 A = Elapsed time spent in this place.
 B = Non-inter-level travel time spent in this place.
 C = Inter-level travel time spent in this place.
 D = Time resting spent in this place.
 E = Time spent auto-exploring this place.
 F = Levels seen in this place.
 G = Mean time per level.
                   A        B        C        D        E       F      G
               +--------+--------+--------+--------+--------+-----+--------+
         Total |    734 |    693 |     41 |      0 |    574 |   2 |  367.0 |
       Dungeon |    734 |    693 |     41 |      0 |    574 |   2 |  367.0 |
               +--------+--------+--------+--------+--------+-----+--------+

Top non-repeatable levels by time:
     D:1: 722 daAuts
     D:2: 12 daAuts
